 Dungeon Crawl Stone Soup version 0.29.1-15-g9cfb28693d (webtiles) character file.

Game seed: 9564522179406238525

2752 cowcol the Cleaver (level 9, 0/79 HPs)
             Began as a Minotaur Fighter on Mar 24, 2023.
             Was a Follower of Okawaru.
             Shot with a bolt by an orc warrior (15 damage)
             ... on level 8 of the Dungeon.
             The game lasted 00:19:31 (8165 turns).

cowcol the Cleaver (Minotaur Fighter)               Turns: 8165, Time: 00:19:31

Health: 0/79       AC:  9    Str: 22    XL:     9   Next: 41%
Magic:  8/8        EV: 17    Int:  9    God:    Okawaru [*.....]
Gold:   357        SH:  0    Dex: 11    Spells: 8/8 levels left

rFire   + + +      SeeInvis .   (weapon currently unavailable)
rCold   + + +      Faith    .   (shield currently unavailable)
rNeg    + + +      Spirit   .   (body armour currently unavailable)
rPois   ∞          Reflect  .   (helmet currently unavailable)
rElec   +          Harm     .   (cloak currently unavailable)
rCorr   +          Rampage  .   (gloves currently unavailable)
Will    .....                   (boots currently unavailable)
Stlth   +.........              (amulet currently unavailable)
HPRegen 0.23/turn               (ring currently unavailable)
MPRegen 0.11/turn               (ring currently unavailable)

@: about to teleport, wisp-form, resistant, flying
A: insubstantial, flying, no casting, tiny, (horns 2), (retaliatory headbutt),
(iridescent scales 1), clever 1, sense surroundings 1, wild magic 1
a: Renounce Religion, Heroism


You were on level 8 of the Dungeon.
You worshipped Okawaru.
Okawaru was aware of your devotion.
You were an insubstantial wisp.
You visited 2 branches of the dungeon, and saw 9 of its levels.

You collected 433 gold pieces.
You spent 76 gold pieces at shops.

Inventory:

Hand Weapons
 a - a +0 war axe (melded)
Missiles
 i - 4 poisoned darts
 I - a javelin
Armour
 b - a +0 scale mail
 c - a +0 buckler (melded)
 j - a +2 hat (melded)
 t - a +0 chain mail
 x - a +0 plate armour
 G - the +3 scale mail of the Orb (melded) {rCorr Slay+3}
   (You found it on level 6 of the Dungeon)

   Slay:      It affects your accuracy & damage with ranged weapons and melee
   (+3).
   rCorr:     It protects you from acid and corrosion.
 H - a scarf of shadows (melded)
Jewellery
 g - a ring of wizardry
 h - the amulet of Nigiur (melded) {rC+ Regen+}
   (You acquired it on level 1 of the Dungeon)

   [amulet of regeneration]

   rC:        It protects you from cold.
   Regen:     It increases your rate of health regeneration.
 k - a ring of protection from fire
 w - a ring of positive energy
 D - a +6 ring of dexterity (melded)
 K - a +6 ring of strength (melded)
Wands
 y - a wand of digging (6)
 B - a wand of light (9)
 C - a wand of roots (14)
Scrolls
 n - a scroll of poison
 o - 6 scrolls of teleportation
 s - 2 scrolls of enchant armour
 u - a scroll of silence
 E - a scroll of amnesia
 J - a scroll of identify
Potions
 e - 3 potions of resistance
 l - a potion of curing
 m - 2 potions of flight
 p - 2 potions of brilliance {unknown}
 q - 2 potions of invisibility
 r - a potion of heal wounds {unknown}
 v - a potion of berserk rage {unknown}
 z - a potion of mutation
Miscellaneous
 A - a phantom mirror


   Skills:
 + Level 7.0 Fighting
 + Level 10.6 Axes
 - Level 2.0 Throwing
 * Level 10.1 Armour
 - Level 3.6 Shields


You had 8 spell levels left.
You didn't know any spells.
Your spell library contained the following spells:

 Spells                   Type           Power      Damage    Failure   Level
 Static Discharge         Conj/Air       0%         3-3/arc   61%         2
 Lightning Bolt           Conj/Air       0%         1d11      100%        5
 Maxwell's Capacitive Co  Air            0%         ∞         100%        8


Dungeon Overview and Level Annotations

Branches:
Dungeon (8/15)             Temple (1/1) D:6
   Lair: D:8-11

Altars:
Ashenzari
Cheibriados
Dithmenos
Elyvilon
Fedhas
Gozag
Hepliaklqana
Kikubaaqudgha
Makhleb
Nemelex Xobeh
Okawaru
Qazlal
Ru
Uskayaw
Vehumet
Wu Jian
Xom
Yredelemnul
Zin

Shops:
D:2 (   D:3 *[   D:4 (*=[*

Annotations:
D:8 Psyche


Innate Abilities, Weirdness & Mutations

You are an insubstantial wisp.
Your tiny insubstantial body is highly resistant to most damage types.
You are flying.
Your equipment is entirely melded.
You are incapable of wielding weapons or throwing items.
You cannot cast spells.
((You have a pair of horns on your head.))
((You reflexively headbutt those who attack you in melee.))
((You are partially covered in iridescent scales. (AC +2)))
Your mind is acute. (Int +4, Str/Dex -1)
You passively map a small area around you.
Your spells are a little harder to cast, but a little more powerful.


Message History

Something hits you but does no damage. Something barely misses you.
Something hits you but does no damage. Something barely misses you.
You hear some strange, mumbled words.
Something hits you.
You hear some strange, mumbled words.
A swirling arc of seething chaos appears!
An arc of chaos appears from out of thin air!
The arc of chaos hits something.
Something hits you.
You hear a splashing noise.
You hear some strange, mumbled words.
A swirling arc of seething chaos appears!
An arc of chaos appears from out of thin air!
The arc of chaos hits the plant.
The plant is unaffected.
The arc of chaos hits you but does no damage.
You resist. Something hits you but does no damage. Something barely misses you.
Something hits you!
* * * LOW HITPOINT WARNING * * *
As you read the scroll of teleportation, it crumbles to dust.
You feel strangely unstable. Something hits you.
* * * LOW HITPOINT WARNING * * *
Something hits you but does no damage.
You hear some strange, mumbled words.
A swirling arc of seething chaos appears!
An arc of chaos appears from out of thin air!
The arc of chaos hits the plant.
The plant begins to die.
Something barely misses you. Something hits you but does no damage.
Something hits you.
* * * LOW HITPOINT WARNING * * *
Something hits you but does no damage.
Your surroundings suddenly seem different.
The orc warrior shoots a bolt.
The bolt misses you.
As you read the scroll of teleportation, it crumbles to dust.
You feel strangely unstable.
A nearby plant withers and dies.
Something hits the plant!
The plant begins to die.
You hear a splashing noise.
The orc warrior shoots a bolt.
The bolt hits you!
You die...

.......#.#
* * #.#
##.######
#....♣..#
##.~~~♣.##
♣~~~.~P.#
##~~P~~~.#
#..{o~~~P#
#.~z≈~~.v#
##.{~≈~.~.#
#...~≈~~♣♣#
#.P~~♣~.~♣#
#..~♣~..~.#
#.....~...#
#.#.....###
#...#..##
###)).##


You could see an orc warrior and a wight.

Vanquished Creatures
  2 water moccasins
  A sky beast (D:8)
  2 ice beasts
  2 orc warriors
  An ogre (D:5)
  2 centaurs
  2 phantoms
  A necrophage (D:7)
  3 bullfrogs
  6 scorpions
  2 electric eels (D:8)
  2 orc priests
  Crazy Yiuf (D:7)
  4 hounds
  A jelly (D:6)
  4 gnoll boudas
  5 orc wizards
  7 iguanas
  17 gnolls
  7 adders
  A shadow imp (D:5)
  A white imp (D:5)
  3 ufetubi
  2 worms
  5 dart slugs
  17 orcs
  3 bats
  An endoplasm (D:1)
  2 giant cockroaches
  8 goblins
  7 hobgoblins
  10 jackals
  6 kobolds
  4 quokkas
  7 ball pythons
  3 frilled lizards
  4 rats (D:1)
156 creatures vanquished.

Vanquished Creatures (others)
  4 plants (D:8)
4 creatures vanquished.

Grand Total: 160 creatures vanquished

Notes
Turn   | Place    | Note
-------+----------+-------------------------------------------
     0 | D:1      | cowcol the Minotaur Fighter began the quest for the Orb.
     0 | D:1      | Reached XP level 1. HP: 19/19 MP: 0/0
   128 | D:1      | Reached XP level 2. HP: 24/27 MP: 1/1
   792 | D:1      | Reached XP level 3. HP: 33/33 MP: 2/2
   795 | D:1      | Identified a scroll of acquirement
   841 | D:1      | Acquired the amulet of Nigiur {rC+ Regen+}
  1265 | D:2      | Found Luawn's Weapon Shoppe.
  1857 | D:3      | Found Tovoohagh's Antique Armour Shop.
  2147 | D:3      | Reached XP level 4. HP: 40/40 MP: 3/3
  2309 | D:3      | Found Dachomat's General Store.
  2328 | D:3      | Found a faded altar of an unknown god.
  2446 | D:4      | Reached skill level 5 in Armour
  2492 | D:4      | Reached XP level 5. HP: 42/47 MP: 4/4
  2503 | D:4      | Reached skill level 1 in Throwing
  2516 | D:4      | Noticed a phantom
  2528 | D:4      | Killed a phantom
  2576 | D:4      | Reached XP level 6. HP: 53/53 MP: 5/5
  2591 | D:4      | Reached skill level 5 in Axes
  2813 | D:4      | Found Qeda's General Store.
  2814 | D:4      | Found Ziliedof's Jewellery Boutique.
  2825 | D:4      | Found Qisoren's Armour Shop.
  2913 | D:4      | Found Moucveud's Antique Weapon Boutique.
  2941 | D:4      | Found Wekkobete's Assorted Antiques.
  2950 | D:4      | Bought a scroll of identify for 38 gold pieces
  2950 | D:4      | Bought a scroll of identify for 38 gold pieces
  3530 | D:4      | Found a stormy altar of Qazlal.
  3544 | D:4      | Reached skill level 5 in Fighting
  3627 | D:4      | Reached XP level 7. HP: 31/61 MP: 6/6
  3802 | D:5      | Entered Level 5 of the Dungeon
  4583 | D:5      | Reached XP level 8. HP: 61/69 MP: 7/7
  4923 | D:6      | Identified the +3 scale mail of the Orb {rCorr Slay+3}
  5572 | D:6      | Found a staircase to the Ecumenical Temple.
  5582 | Temple   | Entered the Ecumenical Temple
  5587 | Temple   | Became a worshipper of Warmaster Okawaru
  5716 | D:7      | Gained mutation: You have large cloven feet. [potion of
                  | mutation]
  5716 | D:7      | Gained mutation: Potions are less effective at restoring
                  | your health. [potion of mutation]
  5716 | D:7      | Gained mutation: Your spells are a little harder to cast,
                  | but a little more powerful. [potion of mutation]
  5716 | D:7      | Gained mutation: Your muscles are strong. (Str +4, Int/Dex
                  | -1) [potion of mutation]
  5717 | D:7      | Lost mutation: You have large cloven feet. [potion of
                  | mutation]
  5717 | D:7      | Lost mutation: Potions are less effective at restoring your
                  | health. [potion of mutation]
  5717 | D:7      | Lost mutation: Your muscles are strong. (Str +4, Int/Dex
                  | -1) [potion of mutation]
  5717 | D:7      | Gained mutation: Your mind is acute. (Int +4, Str/Dex -1)
                  | [potion of mutation]
  5717 | D:7      | Gained mutation: You are partially covered in iridescent
                  | scales. (AC +2) [potion of mutation]
  5717 | D:7      | Gained mutation: You passively map a small area around you.
                  | [potion of mutation]
  5828 | D:7      | Reached XP level 9. HP: 47/78 MP: 8/8
  6393 | D:7      | Found an opulent altar of Gozag.
  6396 | D:7      | Found a glowing silver altar of Zin.
  6401 | D:7      | Found a broken altar of Ashenzari.
  6716 | D:7      | Reached skill level 10 in Axes
  6933 | D:7      | Found a runed translucent door.
  6934 | D:7      | Noticed Crazy Yiuf
  6941 | D:7      | Killed Crazy Yiuf
  7257 | D:8      | Reached * piety under Okawaru
  7465 | D:8      | Reached skill level 10 in Armour
  8126 | D:8      | Noticed Psyche
  8165 | D:8      | Shot with a bolt by an orc warrior

Illustrated notes

Levels and vault maps discovered:
D:1:      dpeg_arrival_erosion, layout_rooms, st_stairs_11, hex_large,
          corner_web_ring
D:2:      layout_loops_ring, serial_shops,
          nicolae_shop_temple_entry_statues_fountains
D:3:      layout_rooms, chequers_ecumenical_altar_island, serial_shops, shop,
          shop, nrook_uturn, minmay_surrounded
D:4:      layout_basic, nicolae_qazlal_general_emergency, serial_shops, shop,
          shop, nicolae_shop_crystal, shop, shop, corexii_leaking_fountain,
          minmay_strange_pillars, kennysheep_another_room
D:5:      layout_gridville, minmay_checkerbox
D:6:      layout_gridville, temple_pool_b
D:7:      layout_basic, grunt_temple_overflow_diamond, uniq_crazy_yiuf_cottage
D:8:      layout_basic, tso_oasis_becter, serial_bayou_pond_b,
          minmay_fractal_squares_5, uniq_psyche, uniq_gastronok, uniq_grum
Temple:   minmay_freezing_vapour_temple

Skill      XL: |  1  2  3  4  5  6  7  8  9 |
---------------+----------------------------+-----
Armour         | 4 5 6 7 9 10 | 10.1
Fighting       | 4 5 6 7 |  7.0
Axes           | 3 4 5 7 9 10 | 10.6
Throwing       | 1 2 |  2.0
Shields        | |  3.6

Action                   |  1- 3 |  4- 6 |  7- 9 || total
-------------------------+-------+-------+-------++-------
Melee: War axe           |    98 |   116 |   177 ||   391
       Headbutt          |    16 |    27 |    34 ||    77
Throw: Throwing net      |     4 |       |     1 ||     5
       Dart              |    10 |    15 |    15 ||    40
       Javelin           |       |       |     2 ||     2
  Use: Scroll            |     4 |     3 |     7 ||    14
       Potion            |     1 |       |     6 ||     7
Armor: Scale mail        |    51 |       |    53 ||   104
       Chain mail        |       |    73 |    49 ||   122
       Skin              |       |       |     9 ||     9
Dodge: Dodged            |    46 |    51 |    97 ||   194
Block: Buckler           |    24 |    24 |    42 ||    90
